[Event "European Online Club-ch-D 2021"]
[Site "Online"]
[Date "2021.03.27"]
[Round "9.6"]
[White "Pelletier, Yannick"]
[Black "Roubalik, Jakub"]
[Result "1/2-1/2"]
[ECO "E53"]
[WhiteElo "2581"]
[BlackElo "2391"]
[Annotator "ChessBase"]
[PlyCount "107"]
[EventDate "2021.03.27"]
[EventType "team-tourn"]
[EventCountry "NET"]
[SourceTitle "playchess.com"]
[Source "ChessBase"]
[SourceQuality "1"]
[TimeControl "900+5"]

1. d4 Nf6 2. c4 e6 3. Nc3 Bb4 4. e3 O-O 5. Bd3 d5 6. Nf3 c5 7. O-O Bxc3 8. bxc3 dxc4 9. Bxc4 Qc7 10. Bd3 Nc6 11. e4 e5 12. dxe5 Ng4 13. Bf4 Ngxe5 14. Nxe5 Nxe5 15. Bc4 Qe7 16. Bd5 Re8 17. Rb1 Rb8 18. c4 b6 19. Qa4 a6 20. Kh1 b5 21. Qa5 Qf6 22. Bxe5 Qxe5 23. f4 Qe7 24. cxb5 axb5 25. Rxb5 Rxb5 26. Qxb5 Be6 27. h3 Bxd5 28. exd5 h5 29. d6 Qe3 30. d7 Rd8 31. Rd1 Qxf4 32. Qxc5 h4 33. Qc8 Qf6 34. Re1 Kh7 35. Qc7 g6 36. a4 Qf2 37. Rg1 Qf6 38. a5 Qe7 39. Rd1 Qe2 40. Qc1 Qb5 41. Qd2 Qc6 42. Qd4 Kg8 43. Qd5 Qa4 44. Rd2 Qa1+ 45. Kh2 Qa4 46. Rd4 Qc2 47. Qd6 Qa2 48. Rxh4 Qxa5 49. Re4 Kh7 50. Rf4 Kg8 51. Qf6 Rxd7 52. Rc4 Qd8 53. Qxd8+ Rxd8 54. h4 1/2-1/2

[Event "European Online Club-ch-D 2021"]
[Site "Online"]
[Date "2021.03.27"]
[Round "9.7"]
[White "Vymazal, Bronislav"]
[Black "Petkidis, Anthony"]
[Result "1-0"]
[ECO "C95"]
[WhiteElo "2350"]
[BlackElo "2401"]
[Annotator "NA"]
[PlyCount "177"]
[EventDate "2021.03.27"]
[EventType "team-tourn"]
[EventCountry "NET"]
[SourceTitle "playchess.com"]
[Source "ChessBase"]
[SourceQuality "1"]
[TimeControl "900+5"]

1. e4 e5 2. Nf3 Nc6 3. Bb5 a6 4. Ba4 Nf6 5. O-O Be7 6. d3 d6 7. c3 O-O 8. Nbd2 Re8 9. h3 Bf8 10. Re1 b5 11. Bc2 Bb7 12. d4 Nb8 13. b3 Nbd7 14. Bb2 g6 15. a4 Bg7 16. Bd3 c6 17. Qc2 Nh5 18. g3 Rc8 19. axb5 cxb5 20. d5 Qb6 21. Kg2 a5 22. c4 b4 23. Nf1 Nc5 24. Bc1 f5 25. Rb1 Rf8 26. Qe2 Rce8 27. Bc2 f4 28. g4 Nf6 29. Rd1 Bc8 30. Ne1 h5 31. f3 Bd7 32. Nh2 Nh7 33. Nd3 Bf6 34. Qf2 Rc8 35. Bd2 Qd8 36. Be1 Kh8 37. Ra1 Nb7 38. Kf1 hxg4 39. hxg4 Ng5 40. Qa7 Qc7 41. Bf2 Ra8 42. Qb6 Rfc8 43. Qxc7 Rxc7 44. Nxb4 Nc5 45. Nd3 Nxd3 46. Bxd3 Kg7 47. b4 Rh8 48. Kg2 axb4 49. Rdb1 Rb8 50. Rb3 Be7 51. Rab1 Rcb7 52. Be1 Nf7 53. Rxb4 Rxb4 54. Rxb4 Rxb4 55. Bxb4 Bd8 56. c5 dxc5 57. Bxc5 Kf6 58. Nf1 Be7 59. Bb6 Bd8 60. Ba7 Nd6 61. Nd2 Nc8 62. Bb8 Nb6 63. g5+ Kxg5 64. Bxe5 Bf6 65. Bc7 Bd4 66. Nc4 Nxc4 67. Bxc4 Be3 68. e5 Kf5 69. Bd3+ Kg5 70. Bd8+ Kh6 71. e6 Bc8 72. Bb5 Bc5 73. e7 Bxe7 74. Bxe7 g5 75. d6 g4 76. d7 gxf3+ 77. Kxf3 Bxd7 78. Bxd7 Kg6 79. Kxf4 Kf7 80. Bd6 Kg6 81. Be6 Kf6 82. Bf5 Kf7 83. Ke5 Ke8 84. Bc7 Ke7 85. Be6 Ke8 86. Kf6 Kf8 87. Bd7 Kg8 88. Kg6 Kh8 89. Bd6 1-0

[Event "European Online Club-ch-D 2021"]
[Site "Online"]
[Date "2021.03.27"]
[Round "9.9"]
[White "Tokhirjonova, Gulrukhbegim"]
[Black "Lupulescu, Constantin"]
[Result "1-0"]
[ECO "B44"]
[WhiteElo "2362"]
[BlackElo "2656"]
[Annotator "ChessBase"]
[PlyCount "85"]
[EventDate "2021.03.27"]
[EventType "team-tourn"]
[EventCountry "NET"]
[SourceTitle "playchess.com"]
[Source "ChessBase"]
[SourceQuality "1"]
[TimeControl "900+5"]

1. e4 c5 2. Nf3 d6 3. d4 cxd4 4. Qxd4 a6 5. c4 Nc6 6. Qd1 Nf6 7. Nc3 e6 8. Be2 Be7 9. O-O O-O 10. Nd4 Qc7 11. Be3 Ne5 12. Rc1 b6 13. b3 Bb7 14. f3 Rac8 15. Kh1 Rfe8 16. Na4 Ned7 17. b4 Qb8 18. Qd2 h5 19. Rc2 h4 20. Rb1 h3 21. gxh3 Nxe4 22. fxe4 Bxe4+ 23. Kg1 e5 24. Nf3 d5 25. Rd1 d4 26. Rcc1 dxe3 27. Qxd7 Bc6 28. Qf5 g6 29. Qc2 Bxb4 30. Rf1 Qc7 31. Ng5 f5 32. c5 bxc5 33. Qb3+ Kg7 34. Nxc5 Bxc5 35. Rxc5 Qe7 36. h4 f4 37. Rfc1 Bd7 38. Rc7 Kh6 39. Qb7 Rxc7 40. Rxc7 Rd8 41. Qd5 Qb4 42. Qd1 Qb6 43. Rxd7 1-0

[Event "European Online Club-ch-D 2021"]
[Site "Online"]
[Date "2021.03.27"]
[Round "9.10"]
[White "Dolana, Andrei-Theodor"]
[Black "Nandhidhaa, P V"]
[Result "1/2-1/2"]
[ECO "D40"]
[WhiteElo "2359"]
[BlackElo "2365"]
[Annotator "NA"]
[PlyCount "291"]
[EventDate "2021.03.27"]
[EventType "team-tourn"]
[EventCountry "NET"]
[SourceTitle "playchess.com"]
[Source "ChessBase"]
[SourceQuality "1"]
[TimeControl "900+5"]

1. Nf3 c5 2. c4 b6 3. e3 Bb7 4. d4 cxd4 5. exd4 e6 6. Bd3 Nf6 7. O-O Be7 8. Nc3 O-O 9. Bg5 d5 10. a3 dxc4 11. Bxc4 Nc6 12. Qd3 Nd5 13. Ne4 h6 14. Bd2 Nf6 15. Nc3 Na5 16. Ba2 Bxf3 17. Qxf3 Qxd4 18. Bf4 e5 19. Bg3 e4 20. Qe2 Qd3 21. Rfe1 Qxe2 22. Rxe2 Nc6 23. Nxe4 Nd4 24. Nxf6+ Bxf6 25. Rd2 Rad8 26. Rad1 Rfe8 27. Kf1 Rc8 28. Bf4 g5 29. Bd6 Nf5 30. Bg3 Re7 31. b4 Kg7 32. Rd3 h5 33. Rf3 Nd4 34. Rfd3 Rc2 35. Bb3 Rb2 36. Bc4 b5 37. Bd5 h4 38. Bd6 Rd7 39. Bc5 Rxd5 40. Bxd4 Bxd4 41. Rxd4 Rxd4 42. Rxd4 Rb3 43. Rd5 f6 44. Rd7+ Kg6 45. Rxa7 Rb2 46. Ra5 Ra2 47. Rxb5 Rxa3 48. Rc5 Ra2 49. b5 Rb2 50. g4 h3 51. Rc3 Rxb5 52. Rxh3 Rb4 53. Rg3 f5 54. gxf5+ Kxf5 55. Kg2 g4 56. Ra3 Rb5 57. Kg3 Kg5 58. Re3 Ra5 59. Rb3 Rc5 60. Re3 Rb5 61. Re8 Rb3+ 62. Kg2 Ra3 63. Re5+ Kf4 64. Rb5 Rc3 65. Rb8 Ra3 66. Rf8+ Kg5 67. Rg8+ Kf4 68. Re8 Rb3 69. Rf8+ Kg5 70. Re8 Kf4 71. Re3 Rb4 72. Ra3 Rc4 73. Ra8 Rc3 74. Rh8 Ra3 75. Rh4 Kg5 76. Rh8 Kf4 77. Rf8+ Kg5 78. Re8 Kf4 79. Re3 Ra4 80. h3 gxh3+ 81. Rxh3 Ra2 82. Rh4+ Kg5 83. Rb4 Ra3 84. f3 Ra1 85. Rb2 Kf4 86. Kf2 Ra4 87. Re2 Rb4 88. Rd2 Ra4 89. Ke2 Rb4 90. Ra2 Rc4 91. Ra8 Rc2+ 92. Kd3 Rf2 93. Rf8+ Ke5 94. Ke3 Ra2 95. f4+ Ke6 96. Kf3 Ra1 97. Re8+ Kf6 98. Re2 Rb1 99. Rd2 Ra1 100. Ke4 Ra4+ 101. Ke3 Ra3+ 102. Ke4 Ra4+ 103. Kf3 Ra1 104. Rc2 Kf5 105. Rc5+ Kf6 106. Rc2 Kf5 107. Rc5+ Kf6 108. Rb5 Rf1+ 109. Kg3 Rg1+ 110. Kf3 Rf1+ 111. Ke3 Re1+ 112. Kf2 Ra1 113. Rd5 Rb1 114. Kg2 Ra1 115. Kf3 Rf1+ 116. Kg3 Rg1+ 117. Kf2 Ra1 118. Re5 Rb1 119. Ke2 Ra1 120. Kf3 Rf1+ 121. Kg4 Rg1+ 122. Kh4 Rh1+ 123. Kg3 Rg1+ 124. Kf3 Rf1+ 125. Ke3 Re1+ 126. Kd4 Rxe5 127. fxe5+ Ke6 128. Ke4 Ke7 129. Kd5 Kd7 130. Kc5 Ke6 131. Kd4 Ke7 132. Ke4 Ke6 133. Kf4 Ke7 134. Kf5 Kf7 135. e6+ Ke7 136. Ke5 Ke8 137. Kd6 Kd8 138. Kd5 Ke7 139. Ke5 Ke8 140. Kf6 Kf8 141. Kg6 Ke7 142. Kf5 Ke8 143. Ke5 Ke7 144. Kd5 Ke8 145. Ke4 Ke7 146. Ke5 1/2-1/2

[Event "European Online Club-ch-D 2021"]
[Site "Online"]
[Date "2021.03.27"]
[Round "9.11"]
[White "Dauletova, Gulmira"]
[Black "Toma, Radu-Cristian"]
[Result "0-1"]
[ECO "B36"]
[WhiteElo "2285"]
[BlackElo "2385"]
[Annotator "NA"]
[PlyCount "84"]
[EventDate "2021.03.27"]
[EventType "team-tourn"]
[EventCountry "NET"]
[SourceTitle "playchess.com"]
[Source "ChessBase"]
[SourceQuality "1"]
[TimeControl "900+5"]

1. e4 c5 2. Nf3 Nc6 3. d4 cxd4 4. Nxd4 g6 5. c4 Nf6 6. Nc3 Nxd4 7. Qxd4 d6 8. Be2 Bg7 9. Be3 O-O 10. Qd2 a5 11. Rd1 Bd7 12. b3 a4 13. b4 Rc8 14. f3 Be6 15. Nd5 b5 16. Nb6 Rb8 17. c5 Nd7 18. Bxb5 Nxb6 19. cxb6 a3 20. Bd3 Rxb6 21. O-O Rb7 22. b5 Bd7 23. b6 Rxb6 24. Bxb6 Qxb6+ 25. Kh1 Be6 26. Rb1 Bb2 27. f4 Bxa2 28. f5 Bxb1 29. Bxb1 Qd4 30. Qc2 Qc5 31. Qb3 Bf6 32. fxg6 hxg6 33. e5 Qxe5 34. Bxg6 Kg7 35. Bb1 Rh8 36. h3 Qc3 37. Qd1 Qd4 38. Qf3 Qc4 39. Qg3+ Kf8 40. Rg1 a2 41. Bd3 Qc3 42. Qf3 a1=Q 0-1

[Event "European Online Club-ch-D 2021"]
[Site "Online"]
[Date "2021.03.27"]
[Round "9.12"]
[White "Gavrilescu, David"]
[Black "Muminova, Nafisa"]
[Result "0-1"]
[ECO "C11"]
[WhiteElo "2476"]
[BlackElo "2274"]
[Annotator "ChessBase"]
[PlyCount "56"]
[EventDate "2021.03.27"]
[EventType "team-tourn"]
[EventCountry "NET"]
[SourceTitle "playchess.com"]
[Source "ChessBase"]
[SourceQuality "1"]
[TimeControl "900+5"]

1. e4 e6 2. d4 d5 3. Nc3 Nf6 4. e5 Nfd7 5. Nce2 c5 6. c3 Nc6 7. Nf3 b5 8. Nf4 Qa5 9. a3 cxd4 10. b4 Qb6 11. cxd4 a5 12. bxa5 Rxa5 13. Rb1 Bxa3 14. Bd2 b4 15. Nh5 O-O 16. Rb3 Ba6 17. h4 Rc8 18. Bxa6 Qxa6 19. Rh3 Qc4 20. Nxg7 Kxg7 21. Rg3+ Kf8 22. Bh6+ Ke7 23. Qd2 Nf8 24. Qg5+ Kd7 25. Rb1 Nxd4 26. Nxd4 Qxd4 27. Kf1 Rac5 28. Qf6 Rc1+ 0-1

[Event "European Online Club-ch-D 2021"]
[Site "Online"]
[Date "2021.03.27"]
[Round "9.13"]
[White "Reimanis, Ritvars"]
[Black "Lagarde, Maxime"]
[Result "0-1"]
[ECO "D27"]
[WhiteElo "2412"]
[BlackElo "2640"]
[Annotator "ChessBase"]
[PlyCount "68"]
[EventDate "2021.03.27"]
[EventType "team-tourn"]
[EventCountry "NET"]
[SourceTitle "playchess.com"]
[Source "ChessBase"]
[SourceQuality "1"]
[TimeControl "900+5"]

1. d4 d5 2. c4 e6 3. Nf3 Nf6 4. Nc3 dxc4 5. e3 a6 6. Bxc4 c5 7. O-O b5 8. Bb3 Bb7 9. Qe2 Be7 10. Rd1 O-O 11. dxc5 Qc7 12. e4 Bxc5 13. h3 Nbd7 14. a3 Rac8 15. Bg5 h6 16. Bd2 Qb6 17. Be1 Rc7 18. Bc2 Rfc8 19. Bb1 Nf8 20. Ne5 Bd4 21. Nf3 e5 22. Nxd4 exd4 23. Nd5 Nxd5 24. exd5 Bxd5 25. Bb4 Ne6 26. Qd3 g6 27. Qd2 Qc6 28. Qxh6 Bxg2 29. Ba5 Bh1 30. Kf1 Qg2+ 31. Ke1 Qg1+ 32. Ke2 Bf3+ 33. Kxf3 Qxd1+ 34. Kg2 Rc1 0-1

[Event "European Online Club-ch-D 2021"]
[Site "Online"]
[Date "2021.03.27"]
[Round "9.14"]
[White "Maurizzi, Marc Andria"]
[Black "Kvetny, Mark"]
[Result "1-0"]
[ECO "B22"]
[WhiteElo "2461"]
[BlackElo "2416"]
[Annotator "ChessBase"]
[PlyCount "81"]
[EventDate "2021.03.27"]
[EventType "team-tourn"]
[EventCountry "NET"]
[SourceTitle "playchess.com"]
[Source "ChessBase"]
[SourceQuality "1"]
[TimeControl "900+5"]

1. e4 c5 2. c3 d5 3. exd5 Qxd5 4. d4 Nf6 5. Nf3 Nc6 6. Be3 Bf5 7. Na3 cxd4 8. Nxd4 Nxd4 9. Qxd4 Qxd4 10. Bxd4 e5 11. Bxe5 Bxa3 12. bxa3 O-O-O 13. Bd4 Rhe8+ 14. Kd2 Ng4 15. f3 Ne3 16. Bb5 Re5 17. g4 Nc2 18. Bd3 Bxd3 19. Bxe5 Bg6+ 20. Bd4 Nxa1 21. Rxa1 f6 22. h4 h5 23. Rg1 Rd7 24. Ke3 a6 25. g5 fxg5 26. Rxg5 Re7+ 27. Kf4 Rf7+ 28. Kg3 Bc2 29. Bxg7 Bd1 30. f4 Kd7 31. f5 Bg4 32. Kf4 Bd1 33. Bd4 Kd6 34. f6 Ke6 35. Rg1 Bg4 36. Re1+ Kd6 37. Kg5 Rf8 38. Kg6 Be6 39. Bc5+ Kxc5 40. Rxe6 Kd5 41. Re3 1-0

[Event "European Online Club-ch-D 2021"]
[Site "Online"]
[Date "2021.03.27"]
[Round "9.15"]
[White "Hoffmann, Hendrik"]
[Black "Medvegy, Zoltan"]
[Result "0-1"]
[ECO "B15"]
[WhiteElo "2242"]
[BlackElo "2527"]
[Annotator "ChessBase"]
[PlyCount "60"]
[EventDate "2021.03.27"]
[EventType "team-tourn"]
[EventCountry "NET"]
[SourceTitle "playchess.com"]
[Source "ChessBase"]
[SourceQuality "1"]
[TimeControl "900+5"]

1. e4 c6 2. d4 d5 3. Nc3 g6 4. h3 Bg7 5. Nf3 Nf6 6. e5 Ne4 7. Bd3 Nxc3 8. bxc3 c5 9. Bb5+ Bd7 10. Bxd7+ Qxd7 11. O-O Nc6 12. Re1 cxd4 13. cxd4 O-O 14. Bg5 Rac8 15. Qd2 Nd8 16. Rac1 Ne6 17. Bh6 Rc4 18. h4 Nxd4 19. Nxd4 Bxh6 20. Qxh6 Rxd4 21. Rcd1 Rxd1 22. Rxd1 Rc8 23. h5 Rxc2 24. Rd3 Qf5 25. Rf3 Qxh5 26. Qf4 Qf5 27. Qe3 Qe4 28. Qxa7 Rc1+ 29. Kh2 Qxe5+ 30. g3 Qh5+ 0-1

[Event "European Online Club-ch-D 2021"]
[Site "Online"]
[Date "2021.03.27"]
[Round "9.16"]
[White "Guliyev, Namig"]
[Black "Kelmendi, Bajrush"]
[Result "1-0"]
[ECO "B06"]
[WhiteElo "2538"]
[BlackElo "1951"]
[Annotator "ChessBase"]
[PlyCount "55"]
[EventDate "2021.03.27"]
[EventType "team-tourn"]
[EventCountry "NET"]
[SourceTitle "playchess.com"]
[Source "ChessBase"]
[SourceQuality "1"]
[TimeControl "900+5"]

1. e4 g6 2. d4 Bg7 3. Nc3 b6 4. Be3 e6 5. Qd2 d6 6. h4 h6 7. g4 Bb7 8. O-O-O Ne7 9. f4 f5 10. gxf5 gxf5 11. Bh3 a6 12. d5 exd5 13. exd5 Nd7 14. Bd4 Nf6 15. Nf3 Qd7 16. Rhg1 Rg8 17. Rxg7 Rxg7 18. Bxf6 Rf7 19. Bxe7 Rxe7 20. Nd4 Rf7 21. Re1+ Kf8 22. Ne6+ Kg8 23. Qd3 Qe7 24. Bxf5 Qxh4 25. Rg1+ Kh8 26. b3 Qf6 27. Rg6 Qh4 28. Qd4+ 1-0

[Event "European Online Club-ch-D 2021"]
[Site "Online"]
[Date "2021.03.27"]
[Round "9.17"]
[White "Lopez Del Alamo, Antonio"]
[Black "Howell, David W L"]
[Result "0-1"]
[ECO "C28"]
[WhiteElo "2295"]
[BlackElo "2658"]
[Annotator "ChessBase"]
[PlyCount "56"]
[EventDate "2021.03.27"]
[EventType "team-tourn"]
[EventCountry "NET"]
[SourceTitle "playchess.com"]
[Source "ChessBase"]
[SourceQuality "1"]
[TimeControl "900+5"]

1. e4 e5 2. Bc4 Nf6 3. d3 Nc6 4. Nc3 Na5 5. Nge2 c6 6. a4 Nxc4 7. dxc4 Be7 8. O-O d6 9. b3 Be6 10. Ba3 O-O 11. Qd3 Qc7 12. Rad1 Rad8 13. h3 Ne8 14. Ng3 g6 15. Bc1 Ng7 16. f4 f5 17. Qe2 Bf6 18. Rd3 exf4 19. Bxf4 g5 20. Bd2 f4 21. Nh5 Nxh5 22. Qxh5 Bf7 23. Qd1 Bg6 24. Be1 Qg7 25. Ne2 Bxe4 26. Nd4 Bxd3 27. Ne6 Qe7 28. Nxf8 Bxf1 0-1

[Event "European Online Club-ch-D 2021"]
[Site "Online"]
[Date "2021.03.27"]
[Round "9.18"]
[White "McShane, Luke J"]
[Black "Sanchez Gonzalez, Sergio"]
[Result "1-0"]
[ECO "B81"]
[WhiteElo "2674"]
[BlackElo "2281"]
[Annotator "ChessBase"]
[PlyCount "67"]
[EventDate "2021.03.27"]
[EventType "team-tourn"]
[EventCountry "NET"]
[SourceTitle "playchess.com"]
[Source "ChessBase"]
[SourceQuality "1"]
[TimeControl "900+5"]

1. e4 c5 2. Nf3 d6 3. d4 cxd4 4. Nxd4 Nf6 5. Nc3 e6 6. g4 h6 7. h4 Nc6 8. g5 hxg5 9. Bxg5 Qb6 10. Nb3 a6 11. Qe2 Nd4 12. Qd3 Nxb3 13. axb3 Bd7 14. f3 Bc6 15. O-O-O Nd7 16. Nd5 Bxd5 17. exd5 e5 18. Bh3 Nc5 19. Qe2 Be7 20. Kb1 Qd8 21. Be3 Nd7 22. h5 Nf6 23. f4 Rxh5 24. Bg4 Rxh1 25. Rxh1 Qa5 26. Rh8+ Bf8 27. fxe5 Nxg4 28. Qxg4 Qe1+ 29. Bc1 Qxe5 30. Rh5 Qe7 31. Rh3 Qd7 32. Qe2+ Kd8 33. Rh8 Kc7 34. Qc4+ 1-0

[Event "European Online Club-ch-D 2021"]
[Site "Online"]
[Date "2021.03.27"]
[Round "9.19"]
[White "Gongora Montes, Benjamin"]
[Black "Jones, Gawain C B"]
[Result "0-1"]
[ECO "A48"]
[WhiteElo "2198"]
[BlackElo "2670"]
[Annotator "ChessBase"]
[PlyCount "54"]
[EventDate "2021.03.27"]
[EventType "team-tourn"]
[EventCountry "NET"]
[SourceTitle "playchess.com"]
[Source "ChessBase"]
[SourceQuality "1"]
[TimeControl "900+5"]

1. d4 Nf6 2. Nf3 g6 3. Bg5 Bg7 4. Nbd2 O-O 5. c3 d6 6. e4 h6 7. Bh4 c5 8. dxc5 dxc5 9. Bc4 Nc6 10. O-O Nh5 11. Re1 Qc7 12. Nf1 Rd8 13. Qc2 g5 14. Bg3 Nxg3 15. Nxg3 Bg4 16. Nd2 Ne5 17. Bf1 c4 18. f3 Nd3 19. Bxd3 cxd3 20. Qa4 Qb6+ 21. Kh1 Qxb2 22. Nc4 Qxc3 23. fxg4 Rd4 24. Nf5 Rxc4 25. Nxe7+ Kh8 26. Qb5 d2 27. Rf1 Qxa1 0-1

[Event "European Online Club-ch-D 2021"]
[Site "Online"]
[Date "2021.03.27"]
[Round "9.20"]
[White "Cheparinov, Ivan"]
[Black "Estevez Sacristan, Deva"]
[Result "1-0"]
[ECO "A88"]
[WhiteElo "2667"]
[BlackElo "1932"]
[Annotator "ChessBase"]
[PlyCount "69"]
[EventDate "2021.03.27"]
[EventType "team-tourn"]
[EventCountry "NET"]
[SourceTitle "playchess.com"]
[Source "ChessBase"]
[SourceQuality "1"]
[TimeControl "900+5"]

1. d4 f5 2. g3 Nf6 3. Bg2 g6 4. Nf3 Bg7 5. c4 O-O 6. O-O d6 7. Nc3 c6 8. d5 e5 9. dxe6 Bxe6 10. b3 Ne4 11. Nxe4 Bxa1 12. Nxd6 Bg7 13. Ng5 Qd7 14. Nxe6 Qxe6 15. Nxb7 Na6 16. Ba3 Rfc8 17. e4 fxe4 18. Re1 Rab8 19. Bxe4 Qf6 20. Nd6 Rf8 21. Re2 c5 22. Bb2 Qd8 23. Qd5+ Kh8 24. Nf7+ Rxf7 25. Qxf7 Bxb2 26. Rxb2 Qd1+ 27. Kg2 Qd4 28. Re2 Nb4 29. Bxg6 Qg7 30. Re8+ Rxe8 31. Qxe8+ Qg8 32. Qxg8+ Kxg8 33. Bb1 Kf7 34. Kf3 Kf6 35. Bxh7 1-0